 Dungeon Crawl Stone Soup version 0.30-a0-1082-g70414cbcbb (webtiles) character file.

Game seed: 1216247811881611059

526 jimonade the Grasshopper (level 7, -1/56 HPs)
             Began as a Gnoll Warper on Apr 15, 2023.
             Killed from afar by Dowan (14 damage)
             ... with a bolt of dispelling energy
             ... on level 3 of the Dungeon.
             The game lasted 00:10:26 (3538 turns).

jimonade the Grasshopper (Gnoll Warper)             Turns: 3538, Time: 00:10:27

Health: -1/56      AC:  4    Str: 10    XL:     7   Next: 23%
Magic:  15/15      EV: 13    Int: 13    God:
Gold:   293        SH:  0    Dex: 13    Spells: 13/17 levels left

rFire   + . .      SeeInvis .    b - +3 spear (heavy)
rCold   . . .      Faith    .    (no shield)
rNeg    . . .      Spirit   .    A - +0 troll leather armour
rPois   .          Reflect  .    (no helmet)
rElec   .          Rampage  .    (no cloak)
rCorr   .                        (no gloves)
Will    .....                    (no boots)
Stlth   ++                       (no amulet)
HPRegen 1.09/turn                C - ring of protection from fire
MPRegen 0.14/turn                (no ring)

@: no status effects
A: fangs 1, strong nose, distributed training
a: no special abilities


You were on level 3 of the Dungeon.
You visited 1 branch of the dungeon, and saw 4 of its levels.

You collected 293 gold pieces.

Inventory:

Hand Weapons
 a - a +1 dagger of protection
 b - a +3 heavy spear (weapon)
 h - a +0 falchion
 j - a +0 spear
 l - a +0 bardiche
 m - a +0 mace
 o - a +0 quarterstaff
 u - a +0 rapier
 v - a +0 heavy hand axe
Missiles
 d - 3 boomerangs of dispersal (quivered)
 q - a throwing net
 D - 4 atropa-tipped darts
Armour
 g - a +0 leather armour
 k - a +0 ring mail
 A - a +0 troll leather armour (worn)
Jewellery
 C - a ring of protection from fire (left hand)
Scrolls
 c - 2 scrolls of blinking
 f - a scroll of enchant weapon
 r - a scroll of teleportation {unknown}
 x - a scroll of silence
 y - 2 scrolls of vulnerability
 B - a scroll of magic mapping
 F - a scroll of identify
Potions
 e - a potion of mutation {unknown}
 i - 2 potions of heal wounds {unknown}
 n - a potion of invisibility {unknown}
 p - a potion of degeneration {unknown}
 s - a potion of ambrosia {unknown}
 t - a potion of lignification {unknown}
 z - 2 potions of might
 E - 2 potions of curing {unknown}
 G - a potion of attraction {unknown}
 H - a potion of cancellation {unknown}


   Skills:
 + Level 5.2 Fighting
 + Level 2.4 Short Blades
 + Level 5.2 Long Blades
 + Level 2.4 Axes
 + Level 2.4 Maces & Flails
 + Level 2.4 Polearms
 + Level 2.4 Staves
 + Level 2.4 Ranged Weapons
 + Level 3.6 Throwing
 + Level 3.6 Armour
 + Level 5.2 Dodging
 + Level 2.4 Stealth
 + Level 2.4 Shields
 + Level 2.4 Unarmed Combat
 + Level 5.6 Spellcasting
 + Level 2.0 Conjurations
 + Level 2.0 Hexes
 + Level 2.0 Summonings
 + Level 2.0 Necromancy
 + Level 5.8 Translocations
 + Level 2.0 Transmutations
 + Level 2.0 Fire Magic
 + Level 2.0 Ice Magic
 + Level 2.0 Air Magic
 + Level 2.0 Earth Magic
 + Level 2.0 Poison Magic
 + Level 2.7 Invocations
 + Level 2.4 Evocations


You had 13 spell levels left.
You knew the following spells:

 Your Spells              Type           Power      Damage    Failure   Level
a - Blink                 Tloc           36%        N/A       3%          2
b - Lesser Beckoning      Tloc           36%        N/A       3%          2

Your spell library contained the following spells:

 Spells                   Type           Power      Damage    Failure   Level
 Teleport Other           Tloc           18%        N/A       6%          3
 Kiss of Death            Conj/Necr      32%        2d7       10%         1
 Portal Projectile        Hex/Tloc       26%        N/A       14%         3
 Vhi's Electric Charge    Tloc/Air       26%        N/A       14%         3
 Manifold Assault         Tloc           18%        N/A       21%         4
 Confusing Touch          Hex            8%         N/A       30%         3
 Inner Flame              Hex/Fire       8%         N/A       30%         3
 Tukima's Dance           Hex            8%         N/A       30%         3
 Dispel Undead            Necr           8%         3d8       69%         4
 Flame Wave               Conj/Fire      8%         2d5       69%         4
 Sticky Flame             Conj/Fire      8%         2d3       69%         4
 Blade Hands              Tmut           4%         N/A       95%         5
 Storm Form               Tmut/Air       4%         N/A       100%        7


Dungeon Overview and Level Annotations

Branches:
Dungeon (4/15)
 Temple: D:4-7

Altars:
Okawaru
Trog

Shops:
D:1 (

Annotations:
D:3 Dowan


Innate Abilities, Weirdness & Mutations

You have very sharp teeth.
Your uncanny sense of smell can sniff out nearby items.
Your experience applies equally to all skills.


Message History

Press: ? - help, Q - select action, (/) - cycle Shift-Dir - straight line, f/p - Dowan
Aim: Dowan, wielding a +0 dagger, wearing a +0 robe and carrying a wand of quicksilver (9) (lightly wounded, fast, poisoned, 50% to hit)
You throw a poisoned dart. The poisoned dart misses Dowan.
Throw: 6 boomerangs (disperse)
Press: ? - help, Q - select action, (/) - cycle Shift-Dir - straight line, f/p - Dowan
Aim: Dowan, wielding a +0 dagger, wearing a +0 robe and carrying a wand of quicksilver (9) (lightly wounded, fast, poisoned, 50% to hit)
You throw a boomerang of dispersal.
The boomerang of dispersal hits Dowan and shatters for extra damage.
Dowan blinks!
Dowan is lightly wounded.
Dowan zaps a wand.
The bolt of dispelling energy hits you!
Dowan says, "Her death will not be in vain!"
Throw: 5 boomerangs (disperse)
Press: ? - help, Q - select action, (/) - cycle Shift-Dir - straight line, f/p - Dowan
Aim: Dowan, wielding a +0 dagger, wearing a +0 robe and carrying a wand of quicksilver (8) (moderately wounded, fast, poisoned, 50% to hit)
You throw a boomerang of dispersal.
The boomerang of dispersal hits Dowan and shatters for extra damage.
Dowan blinks!
Dowan is moderately wounded.
Dowan zaps a wand.
The bolt of dispelling energy hits you.
You see here a +0 sling.
Dowan points at you and mumbles some strange words.
The shard of ice misses you.
There is a stone staircase leading up here.
Dowan casts a spell at you. The shard of ice hits you!
You climb upwards.
There is a stone staircase leading down here.
Throw: 4 boomerangs (disperse)
Press: ? - help, Q - select action, (/) - cycle Shift-Dir - straight line, f - Dowan
Aim: Dowan, wielding a +0 dagger, wearing a +0 robe and carrying a wand of quicksilver (7) (heavily wounded, fast, 50% to hit)
You throw a boomerang of dispersal.
The boomerang of dispersal hits Dowan and shatters for extra damage.
Dowan blinks!
Dowan is severely wounded.
Dowan points at you and mumbles some strange words.
The shard of ice hits you!!
* * * LOW HITPOINT WARNING * * *
Dowan zaps a wand.
The bolt of dispelling energy hits you!
You die...

########......#.......####.
#...................
###..............###..
#.............######.#
#.....................
#.....................
#.............###.....
#....ยง#...............
#....@................
#....##......[........
#..e.##...............
#....##...............
#....##'##............
#.....................
#.....^<..............
#..............#...###
##.............#...#


You could see Dowan (fast).

Vanquished Creatures
  Duvessa (D:4)
  A black bear (D:2)
  A phantom (D:4)
  A hound (D:4)
  An iguana (D:4)
  2 orc wizards
  3 adders
  An ufetubus (D:4)
  3 worms
  A dart slug (D:1)
  6 orcs
  10 ball pythons
  6 bats
  9 endoplasms
  4 giant cockroaches
  6 goblins
  7 hobgoblins
  11 jackals
  5 kobolds
  6 quokkas
  A frilled lizard (D:3)
  7 rats
93 creatures vanquished.

Vanquished Creatures (others)
  9 plants (D:1)
9 creatures vanquished.

Grand Total: 102 creatures vanquished

Notes
Turn   | Place    | Note
-------+----------+-------------------------------------------
     0 | D:1      | jimonade the Gnoll Warper began the quest for the Orb.
     0 | D:1      | Reached XP level 1. HP: 20/20 MP: 6/6
   173 | D:1      | Reached XP level 2. HP: 19/26 MP: 7/7
   204 | D:1      | Found a faded altar of an unknown god.
   480 | D:1      | Found Quex's Antique Weapon Emporium.
   554 | D:1      | Reached skill level 5 in Spellcasting
   554 | D:1      | Reached XP level 3. HP: 31/31 MP: 7/9
   912 | D:1      | Reached skill level 1 in Invocations
  1032 | D:2      | Found an iron altar of Okawaru.
  1214 | D:2      | Noticed a black bear
  1226 | D:2      | Killed a black bear
  1227 | D:2      | Reached skill level 1 in Short Blades
  1227 | D:2      | Reached skill level 1 in Axes
  1227 | D:2      | Reached skill level 1 in Maces & Flails
  1227 | D:2      | Reached skill level 1 in Polearms
  1227 | D:2      | Reached skill level 1 in Staves
  1227 | D:2      | Reached skill level 1 in Ranged Weapons
  1227 | D:2      | Reached skill level 1 in Stealth
  1227 | D:2      | Reached skill level 1 in Shields
  1227 | D:2      | Reached skill level 1 in Unarmed Combat
  1227 | D:2      | Reached skill level 1 in Conjurations
  1227 | D:2      | Reached skill level 1 in Hexes
  1227 | D:2      | Reached skill level 1 in Summonings
  1227 | D:2      | Reached skill level 1 in Necromancy
  1227 | D:2      | Reached skill level 1 in Transmutations
  1227 | D:2      | Reached skill level 1 in Fire Magic
  1227 | D:2      | Reached skill level 1 in Ice Magic
  1227 | D:2      | Reached skill level 1 in Air Magic
  1227 | D:2      | Reached skill level 1 in Earth Magic
  1227 | D:2      | Reached skill level 1 in Poison Magic
  1227 | D:2      | Reached skill level 1 in Evocations
  1227 | D:2      | Reached XP level 4. HP: 21/38 MP: 11/11
  1227 | D:2      | Reached XP level 5. HP: 24/43 MP: 12/12
  2149 | D:3      | Learned a level 2 spell: Blink
  2152 | D:3      | Learned a level 2 spell: Lesser Beckoning
  2390 | D:3      | Reached XP level 6. HP: 48/50 MP: 13/13
  2416 | D:3      | Found a bloodstained altar of Trog.
  2998 | D:4      | Reached skill level 5 in Fighting
  2998 | D:4      | Reached skill level 5 in Long Blades
  2998 | D:4      | Reached skill level 5 in Dodging
  3014 | D:4      | Noticed Dowan
  3485 | D:4      | Noticed Duvessa
  3500 | D:4      | Killed Duvessa
  3501 | D:4      | Reached XP level 7. HP: 56/56 MP: 15/15
  3538 | D:3      | Killed from afar by Dowan

Illustrated notes

Levels and vault maps discovered:
D:1:      spicycebolla_arrival_clurvy, layout_basic,
          ebering_ecumenical_altar_sacrificial, serial_shops, shop,
          item_on_display_a
D:2:      layout_basic, basic_altar, minmay_puff
D:3:      layout_basic, amcnicky_altar_gilded
D:4:      layout_cave_pools, abandoned_shop, uniq_duvessa

Skill      XL: |  1  2  3  4  5  6 |
---------------+-------------------+-----
Spellcasting   | 5 |  5.6
Invocations    | 1 2 |  2.7
Short Blades   | 1 2 |  2.4
Axes           | 1 2 |  2.4
Maces & Flails | 1 2 |  2.4
Polearms       | 1 2 |  2.4
Staves         | 1 2 |  2.4
Ranged Weapons | 1 2 |  2.4
Stealth        | 1 2 |  2.4
Shields        | 1 2 |  2.4
Unarmed Combat | 1 2 |  2.4
Conjurations   | 1 2 |  2.0
Hexes          | 1 2 |  2.0
Summonings     | 1 2 |  2.0
Necromancy     | 1 2 |  2.0
Transmutations | 1 2 |  2.0
Fire Magic     | 1 2 |  2.0
Ice Magic      | 1 2 |  2.0
Air Magic      | 1 2 |  2.0
Earth Magic    | 1 2 |  2.0
Poison Magic   | 1 2 |  2.0
Evocations     | 1 2 |  2.4
Throwing       | 3 |  3.6
Armour         | 3 |  3.6
Fighting       | 5 |  5.2
Long Blades    | 5 |  5.2
Dodging        | 5 |  5.2
Translocations | |  5.8

Action                     |  1- 3 |  4- 6 |  7- 9 || total
---------------------------+-------+-------+-------++-------
  Melee: Falchion          |    51 |       |       ||    51
         Bardiche          |     2 |       |       ||     2
         Bite              |    13 |    13 |       ||    26
         Dagger            |    72 |       |       ||    72
         Punch             |     4 |     2 |       ||     6
         Spear             |     4 |   171 |     1 ||   176
  Throw: Boomerang         |     1 |       |     3 ||     4
         Throwing net      |       |     1 |       ||     1
         Dart              |       |       |     4 ||     4
    Use: Scroll            |     3 |     3 |       ||     6
         Potion            |     1 |       |       ||     1
   Stab: Sleeping          |     2 |     3 |       ||     5
 Armour: Leather armour    |    45 |       |       ||    45
         Ring mail         |       |    34 |       ||    34
         Troll leather arm |       |    12 |       ||    12
  Dodge: Dodged            |    90 |   105 |     1 ||   196

Table legend: (Time is in decaauts)
 A = Elapsed time spent in this place.
 B = Non-inter-level travel time spent in this place.
 C = Inter-level travel time spent in this place.
 D = Time resting spent in this place.
 E = Time spent auto-exploring this place.
 F = Levels seen in this place.
 G = Mean time per level.
                   A        B        C        D        E       F      G
               +--------+--------+--------+--------+--------+-----+--------+
         Total |   3629 |   3445 |    184 |    183 |   2075 |   4 |  907.2 |
       Dungeon |   3629 |   3445 |    184 |    183 |   2075 |   4 |  907.2 |
               +--------+--------+--------+--------+--------+-----+--------+

Top non-repeatable levels by time:
     D:2: 1191 daAuts
     D:1: 961 daAuts
     D:3: 900 daAuts
     D:4: 576 daAuts
